Map: Taito Citadel LE

Players

HoldTheDoor

  • Race: Protoss Protoss
  • League: Diamond
  • Spawn Location: 11:00

Serall - Winner!

  • Race: Protoss Protoss
  • League: Diamond
  • Spawn Location: 5:00

VOD

Have the link to the VOD?

Description

Time

  • Played on: May 5, 2026, 11:44 a.m.
  • Length: 7:24
Show
View Real Time Build Order
Export as new Build Order

HoldTheDoor Protoss 

Build Orders:  

Get SALT Encoding   

  12  0:00  Probe  
  13  0:12  Probe  
  14  0:23  Pylon  
  14  0:24  Probe  
  15  0:37  Probe  
  15  0:41  Gateway  
  16  0:45  Probe  
  17  0:52  Assimilator  
  17  0:56  Probe  
  17  1:03  Assimilator  
  18  1:08  Probe  
  19  1:12  Assimilator  
  19  1:20  Probe  
  19  1:21  Gateway  
  20  1:28  Cybernetics Core  
  20  1:32  Probe  
  21  1:38  Pylon  
  21  1:49  Probe  
  22  1:57  Adept  
  22  2:00  Adept  
  22  2:06  Warp Gate  
  24  2:15  Pylon  
  26  2:16  Probe  
  27  2:22  Stalker  
  29  2:36  Probe  
  30  2:37  Stalker  
  32  3:06  Nexus  
  32  3:11  Stargate  
  32  3:17  Sentry  
  34  3:21  Gateway  
  34  3:30  Gateway  
  28  3:55  Stalker  
  28  3:56  Stalker  
  32  4:14  Pylon  
  32  4:16  Probe  
  33  4:17  Shield Battery, Sentry  
  33  4:19  Probe  
  36  4:29  Probe  
  37  4:31  Stalker x2  
  37  4:32  Stalker  
  37  4:37  Probe  
  44  4:43  Phoenix  
  46  4:52  Probe x2  
  48  4:58  Stalker  
  50  5:02  Zealot  
  52  5:12  Pylon  
  52  5:14  Twilight Council  
  52  5:22  Probe  
  52  5:23  Probe  
  54  5:29  Zealot x2  
  54  5:31  Sentry  
  60  5:35  Stalker  
  60  5:40  Shield Battery  
  60  5:41  Probe  
  63  5:48  Pylon  
  63  5:56  Stalker x2  
  67  6:09  Stalker  
  69  6:12  Zealot  
  63  6:44  Stalker x4  
  63  7:07  Stalker  
  49  7:08  Stalker  
  49  7:09  Stalker  
  45  7:16  Stalker  
Show
View Real Time Build Order
Export as new Build Order

Serall Protoss - Winner!

Build Orders:  

Get SALT Encoding   

  12  0:00  Probe  
  13  0:13  Pylon  
  13  0:17  Probe  
  14  0:29  Probe  
  14  0:33  Gateway  
  15  0:39  Assimilator, Probe  
  15  0:47  Probe  
  17  0:57  Probe  
  18  1:09  Probe  
  19  1:11  Gateway  
  19  1:19  Pylon  
  19  1:23  Zealot, Cybernetics Core  
  21  1:42  Probe  
  22  1:48  Zealot  
  24  1:56  Stalker  
  26  2:04  Warp Gate  
  26  2:07  Pylon  
  26  2:12  Stalker  
  28  2:23  Stalker  
  30  2:42  Adept  
  32  2:56  Nexus  
  32  2:57  Pylon  
  32  3:12  Stalker x2  
  36  3:25  Gateway  
  28  4:14  Twilight Council, Probe  
  28  4:15  Probe  
  30  4:26  Probe  
  30  4:28  Gateway x2  
  30  4:30  Stalker x2  
  35  4:38  Charge  
  35  5:07  Pylon  
  35  5:11  Pylon  
  35  5:16  Gateway  
  36  5:21  Probe  
  36  5:33  Zealot  
  36  5:34  Zealot x4  
  46  5:37  Probe  
  47  5:43  Gateway  
  47  5:46  Gateway  
  47  5:49  Gateway x2  
  47  5:50  Gateway  
  47  5:51  Probe  
  47  5:56  Pylon  
  48  6:02  Forge  
  48  6:04  Probe  
  49  6:14  Zealot x5  
  49  6:40  Zealot  
  49  6:41  Zealot x5  
  49  6:45  Probe  
  49  6:46  Probe  
  60  6:58  Photon Cannon  
  56  7:08  Zealot x2  
  50  7:09  Probe x2  
Tags
 
Matchup
PvP
Replay Pack
SC2Mai2026
Spawn Locations
Cross Positions
Add a new tag
Caveats
  • Supply blocks, unpowered buildings, or Contaminate may cause inaccurate times.
  • Supply counts are checked every 10 seconds.